 Dungeon Crawl Stone Soup version 0.31-a0-369-g8eba5f6939 (webtiles) character file.

Game seed: 3812533488733702631

2142 cforsyth the Charlatan (level 9, -1/68 HPs)
             Began as a Gnoll Artificer on July 28, 2023.
             Killed from afar by a wretched star (22 damage)
             ... with a lance of force
             ... on level 2 of the Abyss.
             The game lasted 00:08:36 (6668 turns).

cforsyth the Charlatan (Gnoll Artificer)            Turns: 6668, Time: 00:08:36

Health: -1/68      AC: 15    Str: 10    XL:     9   Next: 30%
Magic:  15/15      EV:  7    Int: 12    God:
Gold:   237        SH:  0    Dex: 13    Spells: 16/16 levels left

rFire   . . .        k - +4 whip
rCold   . . .        (no shield)
rNeg    . . .        C - +0 chain mail
rPois   .            x - +0 helmet
rElec   .            (no cloak)
rCorr   .            (no gloves)
SInv    .            (no boots)
Will    .....        v - amulet of the acrobat Stlth
                     j - +4 ring of protection
HPRegen 0.31/turn    (no ring)
MPRegen 0.14/turn

%: acrobat
@: about to teleport
A: fangs 1, strong nose, distributed training, [weak 2]
a: no special abilities


You were on level 2 of the Abyss.
You visited 2 branches of the dungeon, and saw 7 of its levels.
You visited the Abyss 1 time.

You collected 237 gold pieces.

Inventory:

Hand Weapons
 a - a +0 club
 k - a +4 whip (weapon)
 E - a +0 whip of freezing
Armour
 b - a +0 leather armour
 g - a +0 pair of boots
 x - a +0 helmet (worn)
 C - a +0 chain mail (worn)
 F - a +1 pair of boots of stealth
Jewellery
 j - a +4 ring of protection (left hand)
 r - a ring of ice
 s - a ring of fire
 v - an amulet of the acrobat (around neck)
Wands
 d - a wand of charming (15)
 e - a wand of iceblast (3)
 G - a wand of quicksilver (8)
Scrolls
 f - 5 scrolls of identify
 i - 2 scrolls of blinking {unknown}
 m - a scroll of fear {unknown}
 n - 2 scrolls of enchant weapon {unknown}
 p - a scroll of teleportation
 t - a scroll of enchant armour {unknown}
 w - a scroll of torment {unknown}
 y - a scroll of noise {unknown}
 B - a scroll of butterflies {unknown}
 D - a scroll of immolation {unknown}
Potions
 h - a potion of degeneration {unknown}
 l - 2 potions of curing
 o - 2 potions of mutation {unknown}
 q - 3 potions of lignification {unknown}
 u - a potion of ambrosia {unknown}
 z - a potion of might {unknown}
 A - a potion of invisibility {unknown}
 H - a potion of brilliance {unknown}


   Skills:
 + Level 5.0 Fighting
 + Level 4.2 Short Blades
 + Level 4.2 Long Blades
 + Level 4.2 Axes
 + Level 4.2 Maces & Flails
 + Level 4.2 Polearms
 + Level 4.2 Staves
 + Level 4.2 Ranged Weapons
 + Level 4.2 Throwing
 + Level 6.3 Armour
 + Level 5.0 Dodging
 + Level 4.9 Stealth
 + Level 4.2 Shields
 + Level 4.2 Unarmed Combat
 + Level 4.2 Spellcasting
 + Level 3.4 Conjurations
 + Level 3.4 Hexes
 + Level 3.4 Summonings
 + Level 3.4 Necromancy
 + Level 3.4 Translocations
 + Level 3.4 Transmutations
 + Level 3.4 Fire Magic
 + Level 3.4 Ice Magic
 + Level 3.4 Air Magic
 + Level 3.4 Earth Magic
 + Level 3.4 Poison Magic
 + Level 4.6 Invocations
 + Level 7.8 Evocations
 + Level 3.4 Shapeshifting


You had 16 spell levels left.
You didn't know any spells.
Your spell library contained the following spells:

 Spells                   Type           Power      Damage    Failure   Level
 Kiss of Death            Conj/Necr      40%        2d8       83%         1
 Magic Dart               Conj           40%        1d5       83%         1
 Blink                    Tloc           20%        N/A       92%         2
 Call Imp                 Summ           20%        N/A       92%         2
 Lesser Beckoning         Tloc           20%        N/A       92%         2
 Momentum Strike          Conj/Tloc      20%        3d8       92%         2
 Confusing Touch          Hex            10%        N/A       99%         3
 Mephitic Cloud           Conj/Pois/Air  10%        N/A       99%         3
 Dispel Undead            Necr           10%        3d9       100%        4


Dungeon Overview and Level Annotations

Branches:
Dungeon (6/15)             Temple (1/1) D:5

Altars:
Ashenzari
Cheibriados
Dithmenos
Elyvilon
Fedhas
Gozag
Makhleb
Nemelex Xobeh
Qazlal
Ru
Sif Muna
Uskayaw
Vehumet
Wu Jian
Xom
Yredelemnul
Zin
The Shining One
Lugonu

Shops:
D:6 *

Portals:
Abyss: D:6

Annotations:
D:3 3 runed translucent doors, CraigForest's ghost, amateur TrEE; Tollund's ghost, amateur OgGl; drugrobin's ghost, weakling DgDe


Innate Abilities, Weirdness & Mutations

You have very sharp teeth.
Your uncanny sense of smell can sniff out nearby items.
Your experience applies equally to all skills.
[You are very weak. (Str -4)]


Message History

The fire bat is moderately wounded.
The fire bat bites you but does no damage.
As you read the scroll of teleportation, it crumbles to dust.
You feel strangely unstable.
You feel the power of the Abyss delaying your translocation!
The fire bat bites you but does no damage.
The wretched star glows turbulently.
The lance of force hits you!!
You are knocked back by the lance of force.
You slam into the stone wall!
You barely miss the wretched star. The fire bat barely misses you.
The fire bat closely misses you.
You closely miss the wretched star. You barely miss the wretched star.
You hit the wretched star but do no damage.
The wretched star glows turbulently.
The lance of force misses you.
You hit the wretched star.
The wretched star is lightly damaged.
You hit the wretched star. Your bite misses the wretched star.
The wretched star is lightly damaged.
The wretched star pulses with an eldritch light!
You feel weaker. x2
You hit the wretched star but do no damage.
The wretched star is lightly damaged.
The wretched star glows turbulently.
The lance of force misses you.
Unknown command.
You barely miss the wretched star.
The wretched star is lightly damaged.
The wretched star glows turbulently.
The lance of force hits you!
* * * LOW HITPOINT WARNING * * *
You are knocked back by the lance of force.
You slam into the stone wall!
* * * LOW HITPOINT WARNING * * *
You feel better.
The wretched star glows turbulently.
The lance of force hits you!!
You die...

. #.## *#. .
#. ### # #
.##### # # #*
.#. # .
#.##### ## ..
###
#@*#.####.#..#
###X...# #. #
#..#.##### #..
#X.# ..# #..
.# # .#.§ #.
#.#. # .. .§#
.# ##..# #
##..# .#####
### # ##..# .
# . . ..


You could see a wretched star and a large abomination.

Vanquished Creatures
  Pikel (D:5)
  Sigmund (D:3)
  3 water moccasins
  An orc warrior (D:6)
  A black bear (D:5)
  2 ice beasts (D:5)
  2 lemures
  2 phantoms
  2 bullfrogs (D:5)
  A scorpion (D:6)
  2 hounds (D:6)
  2 jellies
  5 iguanas
  A sleepcap (D:6)
  2 orc wizards
  3 gnolls (D:5)
  7 adders
  6 dart slugs
  11 orcs
  6 endoplasms
  5 giant cockroaches
  3 goblins
  5 hobgoblins
  4 ball pythons
  5 bats
  3 frilled lizards
  4 kobolds
  2 rats (D:1)
92 creatures vanquished.

Notes
Turn   | Place    | Note
-------+----------+-------------------------------------------
     0 | D:1      | cforsyth the Gnoll Artificer began the quest for the Orb.
     0 | D:1      | Reached XP level 1. HP: 17/17 MP: 1/1
   197 | D:1      | Reached XP level 2. HP: 20/23 MP: 2/2
   727 | D:2      | Reached XP level 3. HP: 28/28 MP: 3/3
   765 | D:2      | Reached skill level 1 in Invocations
  1088 | D:2      | Reached skill level 1 in Short Blades
  1088 | D:2      | Reached skill level 1 in Long Blades
  1088 | D:2      | Reached skill level 1 in Axes
  1088 | D:2      | Reached skill level 1 in Maces & Flails
  1088 | D:2      | Reached skill level 1 in Polearms
  1088 | D:2      | Reached skill level 1 in Staves
  1088 | D:2      | Reached skill level 1 in Ranged Weapons
  1088 | D:2      | Reached skill level 1 in Throwing
  1088 | D:2      | Reached skill level 1 in Shields
  1088 | D:2      | Reached skill level 1 in Unarmed Combat
  1088 | D:2      | Reached skill level 1 in Spellcasting
  1177 | D:2      | Reached XP level 4. HP: 34/34 MP: 5/5
  1487 | D:3      | Noticed Sigmund
  1497 | D:3      | Killed Sigmund
  1498 | D:3      | Reached skill level 1 in Conjurations
  1498 | D:3      | Reached skill level 1 in Hexes
  1498 | D:3      | Reached skill level 1 in Summonings
  1498 | D:3      | Reached skill level 1 in Necromancy
  1498 | D:3      | Reached skill level 1 in Translocations
  1498 | D:3      | Reached skill level 1 in Transmutations
  1498 | D:3      | Reached skill level 1 in Fire Magic
  1498 | D:3      | Reached skill level 1 in Ice Magic
  1498 | D:3      | Reached skill level 1 in Air Magic
  1498 | D:3      | Reached skill level 1 in Earth Magic
  1498 | D:3      | Reached skill level 1 in Poison Magic
  1498 | D:3      | Reached skill level 1 in Shapeshifting
  1498 | D:3      | Reached XP level 5. HP: 32/41 MP: 5/7
  1536 | D:3      | Found a runed translucent gate.
  1536 | D:3      | Found a runed translucent gate.
  1537 | D:3      | Found a runed translucent gate.
  1543 | D:3      | Noticed CraigForest's ghost (amateur TrEE)
  1543 | D:3      | Noticed drugrobin's ghost (weakling DgDe)
  1543 | D:3      | Noticed Tollund's ghost (amateur OgGl)
  2137 | D:4      | Reached XP level 6. HP: 47/47 MP: 8/8
  2964 | D:4      | Found a glowing silver altar of Zin.
  3031 | D:4      | Reached skill level 5 in Armour
  3193 | D:5      | Entered Level 5 of the Dungeon
  3202 | D:5      | Found a staircase to the Ecumenical Temple.
  3246 | Temple   | Entered the Ecumenical Temple
  3275 | D:5      | Noticed a black bear
  3277 | D:5      | Noticed Pikel
  3537 | D:5      | Found a snail-covered altar of Cheibriados.
  3606 | D:5      | Killed a black bear
  3607 | D:5      | Reached XP level 7. HP: 52/52 MP: 10/10
  3639 | D:5      | Found a broken altar of Ashenzari.
  3666 | D:5      | Reached skill level 7 in Evocations
  4587 | D:5      | Reached XP level 8. HP: 57/60 MP: 12/12
  4910 | D:5      | Killed Pikel
  4969 | D:6      | Found Zacanna's General Store.
  5340 | D:6      | Reached XP level 9. HP: 55/66 MP: 14/14
  6023 | D:6      | Found a one-way gate to the infinite horrors of the Abyss.
  6091 | D:6      | Found a large runed translucent door.
  6091 | D:6      | Found a large runed translucent door.
  6092 | D:6      | Found a corrupted altar of Lugonu.
  6194 | D:6      | Found a shimmering altar of Xom.
  6194 | D:6      | Found a shadowy altar of Dithmenos.
  6274 | D:6      | Reached skill level 5 in Fighting
  6274 | D:6      | Reached skill level 5 in Dodging
  6502 | Abyss:2  | Cast into level 2 of the Abyss (kobold brigand)
  6566 | Abyss:2  | Found a corrupted altar of Lugonu.
  6592 | Abyss:2  | Found a corrupted altar of Lugonu.
  6597 | Abyss:2  | Found a corrupted altar of Lugonu.
  6650 | Abyss:2  | Noticed a wretched star
  6657 | Abyss:2  | Noticed a large abomination
  6668 | Abyss:2  | Killed from afar by a wretched star

Illustrated notes

Levels and vault maps discovered:
D:1:      wander_arrival_peaceful_grave, layout_loops_cross
D:2:      layout_basic, serial_park_tiny_pond
D:3:      layout_basic, gammafunk_ghost_cemetery, roderic_st_hans_cross,
          uniq_sigmund
D:4:      layout_basic, zin_treasury, wad_floor_pattern_1
D:5:      layout_loops_ring, nicolae_ashenzari_panopticon,
          nicolae_overflow_crystal_walls, minmay_temple_entry_metal_lava,
          uniq_pikel
D:6:      due_chaos_kobolds, layout_rooms, minitemple, serial_shops,
          nicolae_shop_tiny_waterfront
Temple:   hellmonk_temple_forest_ring
Abyss:2:  base:
D:4

Skill      XL: |  1  2  3  4  5  6  7  8  9 |
---------------+----------------------------+-----
Invocations    | 1 2 3 4 |  4.6
Short Blades   | 1 2 3 4 |  4.2
Long Blades    | 1 2 3 4 |  4.2
Axes           | 1 2 3 4 |  4.2
Maces & Flails | 1 2 3 4 |  4.2
Polearms       | 1 2 3 4 |  4.2
Staves         | 1 2 3 4 |  4.2
Ranged Weapons | 1 2 3 4 |  4.2
Throwing       | 1 2 3 4 |  4.2
Shields        | 1 2 3 4 |  4.2
Unarmed Combat | 1 2 3 4 |  4.2
Spellcasting   | 1 2 3 4 |  4.2
Fighting       | 3 4 5 |  5.0
Dodging        | 3 4 5 |  5.0
Conjurations   | 1 2 3 |  3.4
Hexes          | 1 2 3 |  3.4
Summonings     | 1 2 3 |  3.4
Necromancy     | 1 2 3 |  3.4
Translocations | 1 2 3 |  3.4
Transmutations | 1 2 3 |  3.4
Fire Magic     | 1 2 3 |  3.4
Ice Magic      | 1 2 3 |  3.4
Air Magic      | 1 2 3 |  3.4
Earth Magic    | 1 2 3 |  3.4
Poison Magic   | 1 2 3 |  3.4
Shapeshifting  | 1 2 3 |  3.4
Stealth        | 3 4 |  4.9
Armour         | 5 6 |  6.3
Evocations     | 7 |  7.8

Action                     |  1- 3 |  4- 6 |  7- 9 || total
---------------------------+-------+-------+-------++-------
  Melee: Club              |   123 |       |       ||   123
         Bite              |     7 |     9 |    23 ||    39
         Punch             |     2 |     2 |     5 ||     9
         Whip              |    20 |   115 |   270 ||   405
  Evoke: Wand              |       |     3 |    17 ||    20
    Use: Potion            |       |     1 |     1 ||     2
         Scroll            |       |       |     3 ||     3
   Stab: Sleeping          |     5 |     1 |       ||     6
         Distracted        |       |     1 |       ||     1
 Armour: Leather armour    |    71 |    22 |       ||    93
         Chain mail        |       |    14 |   163 ||   177
  Dodge: Dodged            |   102 |    82 |   106 ||   290

Table legend: (Time is in decaauts)
 A = Elapsed time spent in this place.
 B = Non-inter-level travel time spent in this place.
 C = Inter-level travel time spent in this place.
 D = Time resting spent in this place.
 E = Time spent auto-exploring this place.
 F = Levels seen in this place.
 G = Mean time per level.
                   A        B        C        D        E       F      G
               +--------+--------+--------+--------+--------+-----+--------+
         Total |   6690 |   6139 |    551 |    707 |   4250 |   8 |  836.2 |
       Dungeon |   6520 |   5973 |    547 |    707 |   4135 |   6 | 1086.7 |
        Temple |      5 |      2 |      3 |      0 |      0 |   1 |    5.0 |
         Abyss |    164 |    164 |      0 |      0 |    115 |   1 |  164.0 |
               +--------+--------+--------+--------+--------+-----+--------+

Top non-repeatable levels by time:
     D:5: 1866 daAuts
     D:4: 1552 daAuts
     D:6: 947 daAuts
     D:3: 805 daAuts
     D:1: 752 daAuts
     D:2: 595 daAuts
 Abyss:2: 164 daAuts
  Temple: 5 daAuts
